 Dungeon Crawl Stone Soup version 0.30-a0-42-g806c11bf1d (webtiles) character file.

Game seed: 17155825886597085898

114 meatgazer the Chopper (level 4, 0/42 HPs)
             Began as a Hill Orc Berserker on Aug 30, 2022.
             Was a Believer of Trog.
             Succumbed to Ijyb's poison
             ... on level 3 of the Dungeon on Aug 31, 2022.
             The game lasted 00:05:26 (2536 turns).

meatgazer the Chopper (Hill Orc Berserker)          Turns: 2536, Time: 00:05:27

Health: 0/42       AC:  6    Str: 18    XL:     4   Next: 97%
Magic:  4/4        EV: 11    Int:  6    God:    Trog [**....]
Gold:   105        SH:  0    Dex: 14    Spells: 3/3 levels left

rFire   . . .      SeeInvis .    a - +0 hand axe
rCold   . . .      Faith    .    (no shield)
rNeg    . . .      Spirit   .    d - +0 ring mail
rPois   .          Reflect  .    (no helmet)
rElec   .          Harm     .    (no cloak)
rCorr   .          Rampage  .    (no gloves)
Will    .....                    g - +0 pair of boots
Stlth   +.........               n - amulet of magic regeneration
HPRegen 0.14/turn                (no ring)
MPRegen 0.49/turn                (no ring)

@: lethally poisoned (0 -> -11), on berserk cooldown, slowed, very slow
A: claws 1, agile 1, weak 1
a: Renounce Religion, Berserk, Trog's Hand


You were on level 3 of the Dungeon.
You worshipped Trog.
Trog was pleased with you.
You visited 1 branch of the dungeon, and saw 3 of its levels.

You collected 105 gold pieces.

Inventory:

Hand Weapons
 a - a +0 hand axe (weapon)
Armour
 d - a +0 ring mail (worn)
 g - a +0 pair of boots (worn)
Jewellery
 n - an amulet of magic regeneration (around neck)
Scrolls
 b - a scroll of teleportation
Potions
 c - 2 potions of heal wounds
 f - 2 potions of resistance
 h - 4 potions of curing
 i - a potion of haste


   Skills:
 + Level 5.3 Fighting
 + Level 5.8 Axes
 - Level 2.1 Armour
 - Level 1.5 Dodging


You had 3 spell levels left.
You didn't know any spells.
Your spell library was empty.

Dungeon Overview and Level Annotations

Branches:
Dungeon (3/15)

Altars:


Innate Abilities, Weirdness & Mutations

You have sharp fingernails.
You are agile. (Dex +4, Str/Int -1)
You are weak. (Str -2)


Message History

Ijyb zaps a wand.
You resist with some effort.
The now-empty wand crumbles to dust.
You feel very sick.
Ijyb hits you with a +2 dagger of venom.
You can move again.
You closely miss Ijyb.
Ijyb is moderately wounded.
You feel very sick. Ijyb barely misses you.
You slash Ijyb!
Ijyb is heavily wounded.
You feel sick.
You hit Ijyb.
Ijyb is heavily wounded.
You feel sick.
Ijyb hits you with a +2 dagger of venom.
* * * LOW HITPOINT WARNING * * *
You are lethally poisoned!
You hit Ijyb but do no damage.
Ijyb is heavily wounded.
* * * LOW HITPOINT WARNING * * *
You feel very sick. Ijyb barely misses you.
You slash Ijyb!
You kill Ijyb!
Trog accepts your kill.
* * * LOW HITPOINT WARNING * * *
You feel very sick.
You are too berserk!
There is a lethal amount of poison in your body!
There is a lethal amount of poison in your body!
* * * LOW HITPOINT WARNING * * *
You feel very sick.
You feel a strong urge to attack something.
* * * LOW HITPOINT WARNING * * *
You feel very sick.
You are no longer berserk.
You are exhausted.
You feel yourself slow down.
You die...

#.. ### #.# . .. #.# ..
#####.##.# ##...
#........##... ...........
......)..#
###########.###.##..#####
................@.......#
......#####..##.##..#####
..###.# ###..##.##..######
........ .................
......# ###.............##
.................†........
.####.######..............
.............)............
......#########.##..###.##


There were no monsters in sight!

Vanquished Creatures
  Ijyb (D:3)
  Natasha (D:3)
  An adder (D:2)
  A dart slug (D:2)
  5 orcs (D:3)
  7 bats
  3 endoplasms
  A giant cockroach (D:2)
  2 goblins
  2 hobgoblins
  4 jackals (D:1)
  2 kobolds
  A quokka (D:1)
  8 ball pythons
  2 frilled lizards (D:2)
  6 rats
47 creatures vanquished.

Notes
Turn   | Place    | Note
-------+----------+-------------------------------------------
     0 | D:1      | meatgazer the Hill Orc Berserker began the quest for the
                  | Orb.
     0 | D:1      | Reached XP level 1. HP: 19/19 MP: 1/1
    50 | D:1      | Reached XP level 2. HP: 27/27 MP: 2/2
   810 | D:1      | Reached XP level 3. HP: 34/34 MP: 3/3
  1499 | D:2      | Reached skill level 5 in Axes
  1625 | D:2      | Reached ** piety under Trog
  2326 | D:2      | Gained mutation: You are weak. (Str -2) [potion of
                  | mutation]
  2326 | D:2      | Gained mutation: You have sharp fingernails. [potion of
                  | mutation]
  2326 | D:2      | Gained mutation: You are agile. (Dex +4, Str/Int -1)
                  | [potion of mutation]
  2355 | D:3      | Reached XP level 4. HP: 41/41 MP: 4/4
  2447 | D:3      | Noticed Natasha
  2458 | D:3      | Killed Natasha
  2459 | D:3      | Reached skill level 5 in Fighting
  2519 | D:3      | Noticed Ijyb
  2520 | D:3      | Paralysed by Ijyb for 5 turns
  2526 | D:3      | Paralysed by Ijyb for 2 turns
  2533 | D:3      | Killed Ijyb
  2535 | D:3      | HP: 2/63 [poisoned by Ijyb]
  2536 | D:3      | Succumbed to Ijyb's poison

Illustrated notes

Levels and vault maps discovered:
D:1:      nzn_arrival_depleted_hourglass, layout_basic
D:2:      layout_basic, minmay_misc_feat_ornament
D:3:      layout_basic, lemuel_round_altar,
          hellmonk_ecumenical_altar_inner_sanctum, glass_columns_a,
          nrook_loot_triangle, uniq_ijyb, uniq_sigmund, uniq_natasha

Skill      XL: |  1  2  3  4 |
---------------+-------------+-----
Fighting       | 4 5 |  5.3
Axes           | 5 |  5.8
Armour         | |  2.1
Dodging        | |  1.5

Action                   |  1- 3 |  4- 6 || total
-------------------------+-------+-------++-------
Melee: Hand axe          |   126 |    15 ||   141
       Punch             |     1 |       ||     1
Invok: Berserk           |     2 |     2 ||     4
  Use: Scroll            |     7 |       ||     7
       Potion            |     3 |       ||     3
 Stab: Sleeping          |     1 |       ||     1
Armor: Animal skin       |     3 |       ||     3
       Ring mail         |    50 |     2 ||    52
Dodge: Dodged            |    99 |     6 ||   105

Table legend: (Time is in decaauts)
 A = Elapsed time spent in this place.
 B = Non-inter-level travel time spent in this place.
 C = Inter-level travel time spent in this place.
 D = Time resting spent in this place.
 E = Time spent auto-exploring this place.
 F = Levels seen in this place.
 G = Mean time per level.
                   A        B        C        D        E       F      G
               +--------+--------+--------+--------+--------+-----+--------+
         Total |   2579 |   2519 |     60 |    464 |   1693 |   3 |  859.7 |
       Dungeon |   2579 |   2519 |     60 |    464 |   1693 |   3 |  859.7 |
               +--------+--------+--------+--------+--------+-----+--------+

Top non-repeatable levels by time:
     D:1: 1215 daAuts
     D:2: 1144 daAuts
     D:3: 219 daAuts
